 Dungeon Crawl Stone Soup version 0.31-a0-5-g84e6b3452c (webtiles) character file.

Game seed: 16462432863836705702

235326 Numeracy the Warrior (level 18, -4/126 HPs)
             Began as a Minotaur Berserker on May 5, 2023.
             Was the Champion of Trog.
             Slain by a quicksilver ooze (7 damage)
             ... created by the Royal Jelly
             ... while paralysed
             ... on level 5 of the Pits of Slime.
             The game lasted 03:03:30 (43060 turns).

Numeracy the Warrior (Minotaur Berserker)          Turns: 43060, Time: 03:03:30

Health: -4/126     AC: 25    Str: 28 (31) XL:     18   Next: 47%
Magic:  17/17      EV:  2    Int: -1 (3)  God:    Trog [******]
Gold:   1305       SH:  0    Dex: 16 (17) Spells: 17/17 levels left

rFire   . . .        K - +6 great mace of Internal Strife {flame, Fragile rElec Str-2 Dex+9}
rCold   x . .        (shield currently unavailable)
rNeg    + + +        Q - +2 plate armour
rPois   .            (helmet restricted)
rElec   +            A - scarf {repulsion}
rCorr   +            S - +1 pair of gloves {Str+3}
SInv    .            b - +2 pair of boots
Will    +....        h - amulet of Ifraluid {Reflect Int+3 SH+5} Stlth
                     j - ring "Guddyabu" {rN+++ rCorr EV+5 Int-2 Slay+3}
HPRegen 0.41/turn    R - ring of the Octopus King {rN+ HP+2 AC+2 EV+2 SH+2}
MPRegen 0.15/turn

%: repel missiles, reflection
@: paralysed, engulfed (cannot breathe), corroded, slowed, lost intelligence,
unable to read
A: horns 2, retaliatory headbutt, clumsy 1, deterioration 1, dopey 1, frail 3,
cold vulnerability 1
}: 2/15 runes: decaying, gossamer
a: Renounce Religion, Berserk, Trog's Hand, Brothers in Arms


You were on level 5 of the Pits of Slime.
You worshipped Trog.
Trog was exalted by your worship.
You visited 6 branches of the dungeon, and saw 35 of its levels.
You also visited: Sewer.

You collected 3286 gold pieces.
You spent 1981 gold pieces at shops.

Inventory:

Hand Weapons
 d - a +5 antimagic great mace
 f - a +6 heavy great mace
 k - a +2 arbalest of flaming
 K - the +6 great mace of Internal Strife (weapon) {flame, Fragile rElec Str-2 Dex+9}
   (Trog gifted it to you on level 1 of the Swamp)

   Str:       It affects your strength (-2).
   Dex:       It affects your dexterity (+9).
   rElec:     It insulates you from electricity.
   Fragile:   It will be destroyed if unequipped.
Missiles
 e - 263 stones (quivered)
 O - a throwing net
 P - 13 silver javelins
 W - 10 javelins
 Z - 28 boomerangs
Armour
 b - a +2 pair of boots (worn)
 A - a scarf of repulsion (worn)
 E - a +2 pair of gloves
 L - +0 swamp dragon scales
 M - a +1 cloak
 Q - a +2 plate armour (worn)
 S - a +1 pair of gloves of strength (worn)
Jewellery
 c - a ring of positive energy
 h - the amulet of Ifraluid (around neck) {Reflect Int+3 SH+5}
   (You acquired it on level 14 of the Dungeon)

   [amulet of reflection]

   It reflects blocked missile attacks.
   Int:       It affects your intelligence (+3).
   SH:        It affects your SH (+5).
 j - the ring "Guddyabu" (left hand) {rN+++ rCorr EV+5 Int-2 Slay+3}
   (You bought it in a shop on level 2 of the Orcish Mines)

   [ring of evasion]

   EV:        It affects your evasion (+5).
   Int:       It affects your intelligence (-2).
   Slay:      It affects your accuracy & damage with ranged weapons and melee
   (+3).
   rN:        It renders you almost immune to negative energy.
   rCorr:     It protects you from acid and corrosion.
 y - the ring of the Pariah {rElec rC+ Str+6 Int-4}
   (You acquired it on level 2 of the Spider Nest)

   [ring of strength]

   Str:       It affects your strength (+6).
   Int:       It affects your intelligence (-4).
   rC:        It protects you from cold.
   rElec:     It insulates you from electricity.
 R - a ring of the Octopus King (right hand) {rN+ HP+2 AC+2 EV+2 SH+2}
   (You bought it in a shop on level 13 of the Dungeon)

   [ring of positive energy]

   AC:        It affects your AC (+2).
   EV:        It affects your evasion (+2).
   rN:        It protects you from negative energy.
   HP:        It affects your health (+2).
   SH:        It affects your SH (+2).
 T - a ring of willpower
 V - a ring of protection from fire
Wands
 n - a wand of paralysis (25)
 x - a wand of roots (14)
 B - a wand of quicksilver (36)
 C - a wand of mindburst (32)
 D - a wand of flame (82)
Scrolls
 i - 3 scrolls of magic mapping
 l - 6 scrolls of teleportation
 o - 4 scrolls of torment
 v - a scroll of enchant weapon
 w - 9 scrolls of identify
 F - a scroll of blinking
 H - 3 scrolls of immolation
 I - 2 scrolls of fog
 N - 2 scrolls of fear
 Y - 2 scrolls of butterflies
Potions
 a - 5 potions of lignification
 g - 8 potions of attraction
 m - 5 potions of berserk rage
 p - 5 potions of ambrosia
 q - 9 potions of mutation
 r - 4 potions of flight
 s - 6 potions of magic
 t - 8 potions of might
 u - 3 potions of cancellation
 z - 10 potions of curing
 G - a potion of resistance {unknown}
 J - 9 potions of heal wounds
 U - 3 potions of haste
 X - 2 potions of invisibility


   Skills:
 + Level 20.2 Fighting
 - Level 20.0 Maces & Flails
 + Level 12.8 Throwing
 + Level 19.4 Armour
 + Level 15.9 Dodging


You had 17 spell levels left.
You didn't know any spells.
Your spell library was empty.

Dungeon Overview and Level Annotations

Branches:
Dungeon (15/15)            Temple (0/1) D:6            Lair (5/5) D:8
  Swamp (4/4) Lair:2       Spider (4/4) Lair:3        Slime (5/5) Lair:4
    Orc (2/2) D:10            Elf (0/3) Orc:2        Vaults (0/5) D:14
 Depths (0/4) D:15          Sewer (visited)

Altars:
Ashenzari
Cheibriados
Fedhas
Nemelex Xobeh
Okawaru
Qazlal
Ru
Uskayaw
Vehumet
Wu Jian
Xom
Yredelemnul
The Shining One
Jiyva

Shops:
D:6 (   D:13 =   Orc:1 ?   Orc:2 !==[*(=:

Annotations:
Slime:5 Royal Jelly


Innate Abilities, Weirdness & Mutations

You have a pair of horns on your head.
You reflexively headbutt those who attack you in melee.
You are clumsy. (Dex -2)
Your body sometimes deteriorates upon taking damage.
You are dopey. (Int -2)
You are extremely frail. (-30% HP)
You are vulnerable to cold. (rC-)


Message History

You drop a +4 heavy dire flail.
E - a +2 pair of gloves You climb downwards.
Level annotation: Royal Jelly The slime creature quivers.
The acid blob spits acid at you.
The splash of acid hits you but does no damage.
The rockslime hits you but does no damage.
The Royal Jelly hits you!!
Your body deteriorates!
You feel dopey.
You have lost your intelligence.
You are splashed with acid.
You resist.
The Royal Jelly hits you but does no damage.
The quicksilver ooze hits you. The quicksilver ooze engulfs you!
The quicksilver ooze hits you but does no damage.
The rockslime hits you but does no damage.
The Royal Jelly hits you!
You are splashed with acid.
You resist.
The Royal Jelly hits you but does no damage.
The quicksilver ooze hits you.
The quicksilver ooze hits you but does no damage.
Your lungs strain for air!
The acid blob spits acid at you. The splash of acid hits you! You resist.
Your body deteriorates!
You feel dopey. The acid corrodes you!
The rockslime hits you but does no damage.
The Royal Jelly hits you!!
* * * LOW HITPOINT WARNING * * *
You are splashed with acid.
You resist.
* * * LOW HITPOINT WARNING * * *
The Royal Jelly hits you!
* * * LOW HITPOINT WARNING * * *
You are splashed with acid.
You resist.
* * * LOW HITPOINT WARNING * * *
The quicksilver ooze hits you!
* * * LOW HITPOINT WARNING * * *
The quicksilver ooze hits you but does no damage.
* * * LOW HITPOINT WARNING * * *
Your lungs strain for air!
The quicksilver ooze hits you!
You die...

####..####.
##...........
##.............
##...............
##.................
#.....G............
#..................
###...J..............
#....@...............
......J.J..............
....J..................
.......................
.......J...............
.......................
...............#....###
..............#####.#
.......## ..#


You could see the Royal Jelly, an acid blob, a great orb of eyes, a slime
creature, a rockslime and a quicksilver ooze.

Vanquished Creatures
  Arachne (Spider:3)
  7 acid blobs
  Kirke (Spider:4)
  2 thorn hunters
  A fenstrider witch (Swamp:4)
  12 azure jellies
  3 rockslimes
  6 emperor scorpions
  4 ghost moths (Spider:4)
  2 orc warlords
  4 ghouls (Swamp:4)
  A quicksilver ooze (Slime:4)
  A broodmother (Spider:4)
  6 eleionomae
  A minotaur (Lair:2)
  3 bunyips
  2 spark wasps (Spider:4)
  A dire elephant (D:15)
  3 entropy weavers
  Snorg (Orc:1)
  Josephine (Lair:3)
  A shambling mangrove (Swamp:2)
  4 ice dragons (Swamp:4)
  Harold (D:11)
  3 ghost crabs
  A great orb of eyes (Slime:1)
  5 vault guards (D:14)
  13 hydras
  An ogre mage (D:14)
  A spriggan air mage (Swamp:4)
  4 centaur warriors
  2 radroaches
  3 catoblepae
  The ghost of hattey the Fighter, a novice HuWn of Okawaru (D:9)
  2 jorogumos
  11 boulder beetles
  Erica (D:10)
  7 alligators
  6 two-headed ogres
  7 death yaks
  2 tengu warriors (D:13)
  Urug (Orc:2)
  2 orc high priests (Orc:2)
  A spriggan berserker (Swamp:2)
  A skyshark (Lair:4)
  Nergalle (Orc:2)
  6 pharaoh ants
  5 goliath frogs
  A glowing orange brain (Slime:3)
  6 skeletal warriors
  2 sun moths (Spider:4)
  3 spriggan druids
  4 swamp dragons
  10 orb spiders
  3 bog bodies
  5 orc knights
  6 steelbarb worms
  A deep elf pyromancer (D:8)
  2 wizards
  15 wolf spiders
  2 orc sorcerers
  2 oklob plants
  15 ugly things
  6 cyclopes
  3 manticores
  8 will-o-the-wisps
  4 shining eyes
  2 moths of wrath
  21 elephants
  Joseph (D:7)
  4 black mambas
  A torpor snail (Spider:1)
  A black mamba (shapeshifter) (D:10)
  2 eyes of devastation (Slime:4)
  7 demonic crawlers
  2 unseen horrors
  6 cane toads
  2 gargoyles (D:11)
  A kobold demonologist (D:12)
  An efreet (D:13)
  8 komodo dragons
  A rime drake (Lair:4)
  2 tengu conjurers (D:15)
  5 freezing wraiths
  A bloated husk (Swamp:2)
  8 trolls
  5 polar bears
  15 hornets
  11 tyrant leeches
  20 tarantellas
  19 blink frogs
  29 slime creatures
  5 dream sheep (Lair:5)
  15 jumping spiders
  15 culicivoras
  18 spriggans
  2 culicivoras (shapeshifter) (D:9)
  A vampire (D:10)
  8 basilisks
  3 wyverns
  5 hogs (Spider:4)
  Eustachio (D:5)
  5 wraiths
  A fire bat (shapeshifter) (D:9)
  36 yaks
  2 humans (D:14)
  16 vampire mosquitoes
  6 swamp worm simulacra (Swamp:4)
  3 neqoxecs (D:9)
  42 redbacks
  Menkaure (D:7)
  13 swamp worms
  3 acid dragons
  3 wargs (Orc:2)
  13 water moccasins
  An acid dragon (shapeshifter) (D:9)
  15 hydra simulacra (Swamp:4)
  9 swamp drakes
  29 orc warriors
  7 black bears
  2 sky beasts
  2 ice beasts
  3 boggarts (Lair:5)
  9 ogres
  16 wolves (Lair:5)
  3 phantoms
  2 kobold brigands
  13 centaurs
  2 gnoll sergeants
  7 bullfrogs
  A necrophage (Swamp:4)
  5 scorpions
  9 wights (D:8)
  10 killer bees
  A howler monkey (D:5)
  5 electric eels
  15 orc priests
  2 jellies
  Ijyb (D:5)
  6 hounds
  2 sleepcaps
  Jessica (D:3)
  Terence (D:2)
  14 orc wizards
  6 hell rats (Lair:3)
  4 iguanas
  Robin (D:5)
  13 gnolls
  9 adders
  5 river rats (Sewer)
  2 shadow imps (D:7)
  3 white imps
  2 swamp drake simulacra (Swamp:4)
  An ufetubus (D:5)
  4 worms
  3 dart slugs
  59 orcs
  14 ball pythons
  9 endoplasms
  7 giant cockroaches
  18 goblins
  14 hobgoblins
  12 kobolds
  5 quokkas
  6 bats
  8 frilled lizards
  14 rats
  2 briar patches (Swamp:4)
1060 creatures vanquished.

Vanquished Creatures (others)
  2 bloated husks (Swamp:1)
  A hornet (Swamp:1)
  A culicivora (Spider:2)
  A warg (Orc:2)
  A swamp worm (Swamp:4)
  An orc wizard (Orc:2)
  A briar patch (Swamp:2)
  A bush (D:8)
  16 foxfires
  9 fungi
  27 plants
61 creatures vanquished.

Grand Total: 1121 creatures vanquished

Notes
Turn   | Place    | Note
-------+----------+-------------------------------------------
     0 | D:1      | Numeracy the Minotaur Berserker began the quest for the
                  | Orb.
     0 | D:1      | Reached XP level 1. HP: 19/19 MP: 0/0
   123 | D:1      | Reached XP level 2. HP: 15/27 MP: 1/1
   480 | D:1      | Reached XP level 3. HP: 33/33 MP: 2/2
   861 | D:2      | Reached ** piety under Trog
   882 | D:2      | Noticed Terence
   888 | D:2      | Killed Terence
   889 | D:2      | Reached skill level 5 in Maces & Flails
   959 | D:2      | Reached XP level 4. HP: 41/41 MP: 3/3
  1181 | D:2      | Found a glowing golden altar of the Shining One.
  1673 | D:3      | Noticed Jessica
  1677 | D:3      | Killed Jessica
  1678 | D:3      | Reached XP level 5. HP: 47/47 MP: 4/4
  1747 | D:3      | Reached skill level 5 in Fighting
  1951 | D:3      | Reached *** piety under Trog
  2200 | D:3      | Found a sparkling altar of Nemelex Xobeh.
  2313 | D:4      | Found a glowing drain.
  2328 | Sewer    | Entered a sewer
  2429 | Sewer    | Reached XP level 6. HP: 56/56 MP: 5/5
  2777 | D:5      | Entered Level 5 of the Dungeon
  2792 | D:5      | HP: 2/57 [poisoned by a scorpion]
  3251 | D:4      | Reached **** piety under Trog
  3258 | D:4      | Reached XP level 7. HP: 59/63 MP: 6/6
  3654 | D:4      | Found a stormy altar of Qazlal.
  3721 | D:5      | Found a broken altar of Ashenzari.
  3907 | D:5      | Noticed Eustachio
  3924 | D:5      | Killed Eustachio
  3925 | D:5      | Reached XP level 8. HP: 25/73 MP: 7/7
  4221 | D:5      | Reached skill level 10 in Maces & Flails
  4412 | D:5      | Noticed Ijyb
  4425 | D:5      | Killed Ijyb
  4442 | D:5      | Noticed Robin
  4446 | D:5      | Killed Robin
  4953 | D:6      | Found a staircase to the Ecumenical Temple.
  5139 | D:6      | Found Ummaxem's Weapon Shoppe.
  5274 | D:6      | Reached XP level 9. HP: 60/82 MP: 5/8
  5551 | D:7      | Found a sacrificial altar of Ru.
  5658 | D:7      | Noticed Menkaure
  5662 | D:7      | Killed Menkaure
  5845 | D:7      | Noticed Joseph
  5864 | D:7      | Killed Joseph
  6147 | D:7      | Found a shimmering altar of Xom.
  6147 | D:7      | Found a snail-covered altar of Cheibriados.
  6321 | D:7      | Reached skill level 10 in Fighting
  6804 | D:8      | Reached XP level 10. HP: 88/94 MP: 5/9
  7333 | D:8      | Noticed a deep elf pyromancer
  7333 | D:8      | Noticed a two-headed ogre
  7397 | D:8      | Killed a deep elf pyromancer
  7398 | D:8      | Reached skill level 15 in Maces & Flails
  7402 | D:8      | Killed a two-headed ogre
  7595 | D:8      | Found a staircase to the Lair.
  7817 | D:8      | Found a basalt altar of Yredelemnul.
  7903 | D:8      | Noticed a two-headed ogre
  7920 | D:8      | Killed a two-headed ogre
  8427 | D:10     | Entered Level 10 of the Dungeon
  8427 | D:10     | Noticed Erica
  8433 | D:10     | HP: 4/145 [Erica/+2 scimitar of flaming (7)]
  8436 | D:10     | Killed Erica
  8992 | D:9      | Found a runed translucent gate.
  8993 | D:9      | Found a runed translucent gate.
  8993 | D:9      | Found a runed translucent gate.
  8994 | D:9      | Noticed a purple ugly thing
  8994 | D:9      | Noticed a brown ugly thing
  8995 | D:9      | Noticed a white ugly thing
  9207 | D:9      | Reached XP level 11. HP: 100/104 MP: 10/10
  9515 | D:10     | Found a staircase to the Orcish Mines.
  9607 | D:10     | Reached skill level 5 in Armour
  9727 | D:10     | Found a radiant altar of Vehumet.
  9792 | D:10     | Found an ornate altar of the Wu Jian Council.
  9865 | D:10     | Found an iron altar of Okawaru.
  9994 | D:10     | Noticed a white ugly thing
 10047 | D:10     | Identified the +9 battleaxe of Departure {heavy, rPois rC-
                  | MP+9}
 10047 | D:10     | Noticed an orc knight
 10047 | D:10     | Noticed a two-headed ogre
 10531 | D:10     | Killed a white ugly thing
 10814 | D:10     | Killed an orc knight
 10815 | D:10     | Reached skill level 5 in Dodging
 11109 | D:10     | Killed a two-headed ogre
 11641 | D:11     | Noticed Harold
 11661 | D:11     | Killed Harold
 11952 | D:11     | Noticed a purple ugly thing
 11961 | D:11     | Killed a purple ugly thing
 12081 | D:11     | Noticed a boulder beetle
 12110 | D:11     | Killed a boulder beetle
 12424 | D:12     | Reached ***** piety under Trog
 12515 | D:12     | Reached XP level 12. HP: 106/115 MP: 9/11
 12665 | D:12     | Received a gift from Trog
 12675 | D:12     | Reached skill level 10 in Armour
 12757 | D:12     | You fall into a shaft and drop 1 floor!
 12886 | D:12     | Noticed a two-headed ogre
 12903 | D:12     | Killed a two-headed ogre
 13081 | D:12     | Noticed a two-headed ogre
 13085 | D:12     | Killed a two-headed ogre
 13311 | D:13     | Noticed a two-headed ogre
 13317 | D:13     | Killed a two-headed ogre
 13765 | D:13     | Identified the +7 falchion "Ekoptopry" {freeze, rC+ Str+4}
 13777 | D:13     | Found Eqioh's Jewellery Shoppe.
 14192 | D:13     | Noticed a tengu warrior
 14192 | D:13     | Noticed a tengu warrior
 14200 | D:13     | Killed a tengu warrior
 14210 | D:13     | Killed a tengu warrior
 14923 | D:14     | Noticed a vault guard
 14967 | D:14     | Noticed a centaur warrior
 14975 | D:14     | Killed a centaur warrior
 14984 | D:14     | Found a hide-covered altar of Uskayaw.
 15265 | D:14     | Noticed a centaur warrior
 15273 | D:14     | Killed a centaur warrior
 15280 | D:14     | Reached skill level 1 in Throwing
 15296 | D:14     | Reached XP level 13. HP: 120/125 MP: 4/12
 16206 | D:14     | Identified a scroll of acquirement
 16208 | D:14     | Acquired the amulet of Ifraluid {Reflect Int+3 SH+5}
 16256 | D:14     | Found a gate to the Vaults.
 16753 | D:13     | Bought a ring of the Octopus King {rN+ HP+2 AC+2 EV+2 SH+2}
                  | for 733 gold pieces
 16753 | D:13     | Found the ring of the Octopus King {rN+ HP+2 AC+2 EV+2
                  | SH+2}
 17209 | Lair:1   | Entered Level 1 of the Lair of Beasts
 18748 | Lair:2   | Reached skill level 15 in Fighting
 18805 | Lair:2   | Found a runed translucent door.
 19557 | Lair:2   | Reached XP level 14. HP: 121/135 MP: 4/13
 19811 | Lair:2   | Found a staircase to the Swamp.
 20395 | Lair:3   | Reached skill level 5 in Throwing
 20571 | Lair:3   | Reached skill level 10 in Dodging
 20750 | Lair:3   | Found a hole to the Spider Nest.
 21415 | Lair:3   | Found a snail-covered altar of Cheibriados.
 21812 | Lair:4   | Noticed Josephine
 21833 | Lair:3   | Killed Josephine
 22463 | Lair:4   | Found a runed translucent door.
 22464 | Lair:4   | Found a viscous altar of Jiyva.
 22464 | Lair:4   | Noticed an azure jelly
 22464 | Lair:4   | Noticed an azure jelly
 22465 | Lair:4   | Found a staircase to the Slime Pits.
 22466 | Lair:4   | Noticed an azure jelly
 22466 | Lair:4   | Noticed an azure jelly
 22649 | Lair:4   | Reached skill level 15 in Armour
 22963 | Lair:4   | Received a gift from Trog
 23390 | Lair:5   | Entered Level 5 of the Lair of Beasts
 23999 | Lair:5   | Reached XP level 15. HP: 134/145 MP: 4/14
 24097 | Lair:5   | Received a gift from Trog
 25518 | Orc:1    | Entered Level 1 of the Orcish Mines
 25777 | Orc:1    | Noticed Snorg
 25785 | Orc:1    | Killed Snorg
 25931 | Orc:2    | Entered Level 2 of the Orcish Mines
 25982 | Orc:2    | Noticed Nergalle
 25997 | Orc:2    | Noticed Urug
 26008 | Orc:2    | Received a gift from Trog
 26009 | Orc:2    | Found Cutrenk's Jewellery Boutique.
 26009 | Orc:2    | Found Juanakic's Distillery.
 26337 | Orc:2    | Found a staircase to the Elven Halls.
 26455 | Orc:2    | Killed Urug
 26464 | Orc:2    | Killed Nergalle
 26478 | Orc:2    | Found Mebuc's General Store.
 26484 | Orc:2    | Found Neyrixt's Jewellery Shop.
 26507 | Orc:2    | Found Senlueri's Antique Armour Shop.
 26682 | Orc:2    | Found Yqilodea's Book Emporium.
 26827 | Orc:2    | Found Weepp's Antique Weapon Shop.
 26880 | Orc:2    | Found Ybosuh's Jewellery Shop.
 27324 | Orc:2    | Bought the ring "Guddyabu" {rN+++ rCorr EV+5 Int-2 Slay+3}
                  | for 1248 gold pieces
 27428 | Orc:1    | Found Osaos's Magic Scroll Shop.
 27855 | D:15     | Entered Level 15 of the Dungeon
 28334 | D:15     | Found a blossoming altar of Fedhas.
 28409 | D:15     | Noticed an emperor scorpion
 28426 | D:15     | Killed an emperor scorpion
 28717 | D:15     | Found a staircase to the Depths.
 29327 | D:9      | Found a runed translucent gate.
 29327 | D:9      | Found a runed translucent gate.
 29330 | D:9      | Noticed hattey's ghost (novice HuWn)
 29332 | D:9      | Found a runed translucent gate.
 29350 | D:9      | Killed hattey's ghost
 29618 | Swamp:1  | Entered Level 1 of the Swamp
 29631 | Swamp:1  | Identified the +6 great mace of Internal Strife {flame,
                  | Fragile rElec Str-2 Dex+9} (Trog gifted it to you on level
                  | 1 of the Swamp)
 29631 | Swamp:1  | Received a gift from Trog
 30120 | Swamp:1  | Reached XP level 16. HP: 146/155 MP: 15/15
 30300 | Swamp:2  | Found a sacrificial altar of Ru.
 30652 | Swamp:2  | Reached ****** piety under Trog
 31623 | Swamp:2  | Noticed a thorn hunter
 31816 | Swamp:2  | Killed a thorn hunter
 32064 | Swamp:3  | Received a gift from Trog
 32711 | Swamp:4  | Entered Level 4 of the Swamp
 32711 | Swamp:4  | Noticed a thorn hunter
 32727 | Swamp:4  | Killed a thorn hunter
 32758 | Swamp:4  | Identified the scarf of the Terrible God {repulsion, -Cast
                  | rN+++ rCorr Str-2}
 33093 | Swamp:4  | Reached skill level 10 in Throwing
 34472 | Swamp:4  | Got a decaying rune of Zot
 34848 | Lair:4   | Reached XP level 17. HP: 82/166 MP: 16/16
 35040 | Spider:1 | Entered Level 1 of the Spider Nest
 36833 | Spider:2 | Acquired the ring of the Pariah {rElec rC+ Str+6 Int-4}
 36865 | Spider:2 | Received a gift from Trog
 37419 | Spider:3 | Noticed Arachne
 37437 | Spider:3 | Killed Arachne
 38487 | Spider:4 | Entered Level 4 of the Spider Nest
 38722 | Spider:4 | Noticed Kirke
 38729 | Spider:4 | Received a gift from Trog
 38734 | Spider:4 | Killed Kirke
 38744 | Spider:4 | Reached skill level 15 in Dodging
 39462 | Spider:4 | Reached XP level 18. HP: 145/177 MP: 0/17
 39909 | Spider:4 | Got a gossamer rune of Zot
 40357 | Slime:1  | Entered Level 1 of the Pits of Slime
 40576 | Slime:1  | Found a viscous altar of Jiyva.
 40601 | Slime:1  | Gained mutation: Your body sometimes deteriorates upon
                  | taking damage. [a shining eye]
 40602 | Slime:1  | Paralysed by a great orb of eyes for 2 turns
 40604 | Slime:1  | Gained mutation: You are vulnerable to cold. (rC-) [a
                  | shining eye]
 40606 | Slime:1  | Gained mutation: You are dopey. (Int -2) [a shining eye]
 40972 | Slime:2  | Gained mutation: You are frail. (-10% HP) [a shining eye]
 40973 | Slime:2  | Gained mutation: You are very frail. (-20% HP) [a shining
                  | eye]
 40976 | Slime:2  | Gained mutation: You are clumsy. (Dex -2) [a shining eye]
 41633 | Slime:5  | Entered Level 5 of the Pits of Slime
 41647 | Slime:5  | Noticed the Royal Jelly
 42566 | Slime:4  | Gained mutation: You are extremely frail. (-30% HP) [a
                  | shining eye]
 42776 | Slime:4  | Received a gift from Trog
 43058 | Slime:5  | Lost intelligence.
 43060 | Slime:5  | HP: 3/126 [drowned by a quicksilver ooze[the Royal Jelly]
                  | (6)]
 43060 | Slime:5  | Slain by a quicksilver ooze

Illustrated notes

Levels and vault maps discovered:
D:1:      dpeg_arrival_simpleton_b, layout_basic, serial_aquarium,
          aquarium_bridge_straight [aquarium_subvault_bridge,
          aquarium_subvault_wall, aquarium_subvault_bridge,
          aquarium_subvault_wall], aquarium_bridge_long_joined
          [aquarium_subvault_balcony, aquarium_subvault_bridge,
          aquarium_subvault_bridge, aquarium_subvault_window,
          aquarium_subvault_wall, aquarium_subvault_wall],
          aquarium_window_corner, aquarium_window_fake, aquarium_window_3,
          aquarium_window_fake, aquarium_view_2c, aquarium_view_2f,
          aquarium_balcony_3b, nicolae_figureground_sparkle
D:2:      layout_loops_ring, basic_altar, kennysheep_pointless_box,
          minmay_3d_cube, uniq_terence
D:3:      layout_loops_ring, mainiacjoe_overflow_alcove_2, minmay_surrounded,
          uniq_jessica
D:4:      minmay_chambers_of_twos, layout_loops_ring,
          nicolae_qazlal_eye_of_the_storm, cheibrodos_sewer_entry_sluice,
          minmay_misc_feat_enclosed
D:5:      layout_loops_ring, ashenzari_conservatory_becter, nicolae_goblin_pals,
          uniq_eustachio
D:6:      layout_cave_pools, minmay_temple_entry_statues_fountains,
          serial_shops, nicolae_diamond_shop
D:7:      layout_loops_ring, mainiacjoe_overflow_cross_hatched,
          gammafunk_temple_overflow_statue, corexii_checkpoint_b, st_stairs_4,
          uniq_menkaure, uniq_joseph
D:8:      layout_loops_corners, mainiacjoe_overflow_boulevard, lair_entry_dummy
D:9:      layout_long_grid, ploomutoo_gammafunk_ghost_potion_laboratory,
          enter_bailey_3, minivault_4
D:10:     minmay_chambers_of_sevens, layout_irregular_city,
          nicolae_wu_jian_wuxing_cycle, lemuel_coloured_pillars_altar,
          mainiacjoe_overflow_surrounded_room, orc_0_dummy, uniq_erica
D:11:     layout_roguey, hangedman_abyss_or_decor_lesser_grid, uniq_harold
D:12:     layout_roguey, nicolae_fountain_basement
D:13:     layout_gridville, serial_shops, shop, kennysheep_generic_room_5
D:14:     minmay_connected_triangles_in_corner, layout_basic,
          grunt_vaults_entry_fortified, nicolae_uskayaw_murder_on_the_dancefloor
D:15:     hangedman_depths_entry_try_elsewhere_first, layout_irregular_city,
          fedhas_altar_2
Lair:1:   layout_layer_cave, chequers_serial_rivers_micro_e,
          pdpol_lair_cavern_descent, lemuel_fruit_tree, grunt_megastairs_5,
          lemuel_fruit_fields
Lair:2:   dreamdust_labyrinth, layout_loops_ring, palyth_hydra_swamp_entry,
          grunt_megastairs_4, infiniplex_staircase_pool
Lair:3:   layout_big_grid, spider_nest_entry_a, lemuel_oklob_altar
Lair:4:   layout_regular_city, slime_entry_2, serial_bayou_shore_a,
          infiniplex_staircase_pool_2, grunt_megastairs_1, uniq_josephine
Lair:5:   minmay_lair_end_enchanted_forest, layout_hall_layers, minivault_24
Swamp:1:  layout_falls_marsh, evilmike_swamp_ruin_house_3
Swamp:2:  nzn_winding_woodlands_medium [nzn_winding_woodlands_5x5_three,
          nzn_winding_woodlands_5x15_default, nzn_winding_woodlands_5x5_default,
          nzn_winding_woodlands_5x5_cross, nzn_winding_woodlands_center_garden,
          nzn_winding_woodlands_5x5_open_star,
          nzn_winding_woodlands_5x5_default, nzn_winding_woodlands_5x15_parted,
          nzn_winding_woodlands_hourglass], layout_basic_swamp, basic_altar,
          swamp_pool1
Swamp:3:  layout_basic_swamp, nicolae_swamp_well_well_well, swamp_pool5
Swamp:4:  swamp_icy, layout_basic_swamp, swamp_pool5
Spider:1: layout_cave_pods, nicolae_spider_rock_and_or_roll,
          hangedman_spider_tarantella_strand
Spider:2: layout_spider_delve, nicolae_spider_cling_halls
Spider:3: layout_chambers, uniq_arachne
Spider:4: spider_rune_water, uniq_kirke
Slime:1:  layout_caves, basic_altar
Slime:2:  layout_caves
Slime:3:  layout_caves, nicolae_slime_barrier
Slime:4:  cheibrodos_slime_lost_civilization_8, layout_caves,
          cheibrodos_slime_lost_civilization_7
Slime:5
Orc:1:    layout_diamond_mine, serial_shops, shop, minmay_orc_barracks,
          uniq_snorg
Orc:2:    grunt_orc_cross, layout_diamond_mine, serial_shops, shop, shop, shop,
          shop, kennysheep_orc_chapel

Skill      XL: |  1  2  3  4  5  6  7  8  9 10 11 12 13 14 15 16 17 18 |
---------------+-------------------------------------------------------+-----
Maces & Flails | 4 5 6 7 8 9 12 14 16 17 18 19 20 | 20.0
Fighting       | 4 5 6 7 8 10 12 13 14 15 16 17 18 19 20 | 20.2
Armour         | 4 9 12 14 15 16 17 18 19 | 19.4
Dodging        | 3 6 8 9 11 12 13 15 | 15.9
Throwing       | 1 4 7 8 10 12 | 12.8

Action                     |  1- 3 |  4- 6 |  7- 9 | 10-12 | 13-15 | 16-18 || total
---------------------------+-------+-------+-------+-------+-------+-------++-------
  Melee: Mace              |    54 |       |       |     2 |       |       ||    56
         Headbutt          |    13 |    18 |    69 |   102 |   287 |   218 ||   707
         Flail             |     4 |   210 |   300 |    59 |       |       ||   573
         Punch             |       |       |     2 |       |       |       ||     2
         Dire flail        |       |       |       |   287 |       |       ||   287
         Great mace        |       |       |       |   114 |  1159 |   919 ||  2192
   Fire: Longbow           |       |       |       |       |    30 |       ||    30
  Throw: Stone             |       |       |       |     7 |    34 |     6 ||    47
         Boomerang         |       |       |       |       |     7 |       ||     7
 Invoke: Berserk           |       |       |     1 |     8 |     8 |     7 ||    24
         Trog's Hand       |       |       |     1 |     3 |     7 |     2 ||    13
    Use: Scroll            |       |       |     9 |    14 |    25 |     4 ||    52
         Potion            |       |       |       |     1 |     1 |     4 ||     6
   Stab: Paralysed         |       |       |       |     3 |       |       ||     3
         Petrified         |       |       |       |       |     1 |       ||     1
         Confused          |       |       |       |       |       |     2 ||     2
 Armour: Animal skin       |     1 |       |       |       |       |       ||     1
         Chain mail        |    21 |   114 |   119 |   111 |       |       ||   365
         Plate armour      |       |       |       |   130 |   630 |   415 ||  1175
  Dodge: Dodged            |    27 |    92 |    96 |   186 |   646 |   802 ||  1849
         Repelled          |       |       |       |     5 |    21 |    25 ||    51
  Block: Other             |       |       |       |       |   358 |   248 ||   606
         Reflection        |       |       |       |       |    16 |    10 ||    26

Table legend: (Time is in decaauts)
 A = Elapsed time spent in this place.
 B = Non-inter-level travel time spent in this place.
 C = Inter-level travel time spent in this place.
 D = Time resting spent in this place.
 E = Time spent auto-exploring this place.
 F = Levels seen in this place.
 G = Mean time per level.
                   A        B        C        D        E       F      G
               +--------+--------+--------+--------+--------+-----+--------+
         Total |  43023 |  38322 |   4701 |   6367 |  26002 |  36 | 1195.1 |
       Dungeon |  18628 |  16270 |   2358 |   2119 |  11665 |  15 | 1241.9 |
          Lair |   8745 |   7432 |   1313 |    798 |   5397 |   5 | 1749.0 |
         Swamp |   5293 |   4881 |    412 |    952 |   3065 |   4 | 1323.2 |
   Spider Nest |   5115 |   4856 |    259 |    675 |   3541 |   4 | 1278.8 |
    Slime Pits |   2688 |   2600 |     88 |   1680 |    715 |   5 |  537.6 |
  Orcish Mines |   2154 |   1884 |    270 |    141 |   1343 |   2 | 1077.0 |
         Sewer |    397 |    397 |      0 |      0 |    273 |   1 |  397.0 |
               +--------+--------+--------+--------+--------+-----+--------+

Top non-repeatable levels by time:
    D:10: 2226 daAuts
    D:14: 2049 daAuts
    D:13: 1891 daAuts
  Lair:2: 1863 daAuts
     D:8: 1846 daAuts
  Lair:4: 1815 daAuts
  Lair:5: 1808 daAuts
 Swamp:4: 1685 daAuts
  Lair:1: 1657 daAuts
Spider:4: 1619 daAuts
 Slime:4: 1613 daAuts
  Lair:3: 1599 daAuts
 Swamp:2: 1572 daAuts
Spider:3: 1562 daAuts
   Orc:2: 1515 daAuts
